 Dungeon Crawl Stone Soup version 0.20.1-1-g8b1a95d (webtiles) character file.

365 DariDude the Cutter (level 6, -7/47 HPs)
             Began as a Demonspawn Gladiator on Oct 29, 2017.
             Was a Follower of Kikubaaqudgha.
             Mangled by an ogre
             ... wielding a +0 giant spiked club
              (25 damage)
             ... on level 4 of the Dungeon.
             The game lasted 00:16:13 (3532 turns).

DariDude the Cutter (Demonspawn Gladiator)          Turns: 3532, Time: 00:16:14

Health: -7/47      AC:  6    Str: 17    XL:     6   Next: 40%
Magic:  6/6        EV: 12    Int:  4    God:    Kikubaaqudgha [*.....]
Gold:   178        SH:  0    Dex: 14    Spells: 5/5 levels left

rFire    . . .     SeeInvis .   o - +4 short sword
rCold    . . .     Gourm    .   (no shield)
rNeg     . . .     Faith    .   l - +0 ring mail
rPois    .         Spirit   .   (helmet restricted)
rElec    .         Reflect  .   (no cloak)
rCorr    .         Harm     .   (no gloves)
MR       .....                  (no boots)
Stlth    +.........             (no amulet)
Regen    0.2/turn               s - -5 ring of intelligence (curse)
MPRegen  0.1/turn               (no ring)

@: no status effects
A: horns 1, rugged brown scales 1, powered by pain 1
a: Receive Corpses, Renounce Religion


You were on level 4 of the Dungeon.
You worshipped Kikubaaqudgha.
Kikubaaqudgha was aware of your devotion.
You were not hungry.

You visited 1 branch of the dungeon, and saw 4 of its levels.

You collected 178 gold pieces.

Inventory:

Hand Weapons
 a - a +0 rapier
 g - a +0 short sword
 o - a +4 short sword (weapon)
Missiles
 d - 3 throwing nets
 p - 3 steel tomahawks (quivered)
Armour
 b - a +0 leather armour
 c - a +0 helmet
 e - a +0 robe
 j - a +0 helmet
 l - a +0 ring mail (worn)
 u - a +0 helmet
 v - a +1 helmet
 w - a +0 cloak
Magical Staves
 n - an uncursed staff of air {unknown}
Jewellery
 s - a cursed -5 ring of intelligence (left hand)
Scrolls
 y - a scroll of teleportation {unknown}
Potions
 h - a potion of degeneration {unknown}
 i - 3 potions of heal wounds {unknown}
 q - 2 potions of ambrosia {unknown}
 z - a potion of haste
Books
 r - Kikubaaqudgha's Handbook of Sinister Secrets
   (Kikubaaqudgha gifted it to you on level 3 of the Dungeon)

   Spells                             Type                      Level
   a - Animate Skeleton               Necromancy                   1
   b - Corpse Rot                     Necromancy                   2
   c - Sublimation of Blood           Necromancy                   2
   d - Regeneration                   Charms/Necromancy            3
   e - Control Undead                 Necromancy                   4
Comestibles
 f - a bread ration
 k - 3 fruits
 m - a royal jelly
 t - a meat ration
 x - 3 chunks of flesh


   Skills:
 + Level 2.8 Fighting
 + Level 5.0 Short Blades
 - Level 1.8 Throwing
 + Level 2.2 Armour
 + Level 3.9 Dodging


You had 5 spell levels left.
You didn't know any spells.

Dungeon Overview and Level Annotations

Branches:
Dungeon (4/15)
 Temple: D:4-7

Altars:
Kikubaaqudgha
Makhleb
Uskayaw


Innate Abilities, Weirdness & Mutations

You have a pair of small horns on your head.
You are partially covered in rugged brown scales. (AC +1, +3% HP)
You sometimes gain a little power by taking damage.


Message History

An ogre comes into view. It is wielding a giant spiked club.
Throwing (i - inventory. (,) - cycle):
p - 4 steel tomahawks (quivered)
Press: ? - help, Shift-Dir - straight line, f - ogre
Aim: an ogre, wielding a giant spiked club You throw a steel tomahawk.
The steel tomahawk hits the ogre.
The ogre is lightly wounded.
You hit the ogre.
The ogre is moderately wounded.
The ogre hits you with a giant spiked club!
You hit the ogre.
The ogre is moderately wounded.
The ogre hits you with a giant spiked club!
You puncture the ogre!
The ogre is severely wounded.
You closely miss the ogre. You headbutt the ogre.
The ogre is almost dead.
The ogre hits you with a giant spiked club!!
Ouch! That really hurt!
You die...
Kikubaaqudgha rasps: "You have failed me!
Welcome... death!"

#..>......................
###########.#.##.##.#####...
#................##.# #.#.
#.................#.#####.#.
#.........................#.
#....<............#.......#.
#.................#.......##
#.................#######...
#...(.....O@......# ###.
....................# #.
....................# #.
...............###### #.
...............# #.
...............# #.
....############ #. .... #.
#..


You could see an ogre.

Vanquished Creatures
  Grinder (D:2)
  Jessica (D:3)
  An iguana (D:4)
  6 adders
  2 oozes
  6 orcs (D:3)
  3 giant cockroaches
  6 goblins
  9 hobgoblins
  2 jackals (D:1)
  A quokka (D:3)
  A ball python (D:2)
  5 bats
  4 frilled lizards
  5 kobolds
  6 rats
59 creatures vanquished.

Notes
Turn   | Place    | Note
-------+----------+-------------------------------------------
     0 | D:1      | DariDude the Demonspawn Gladiator began the quest for the Orb.
     0 | D:1      | Reached XP level 1. HP: 16/16 MP: 1/1
   625 | D:1      | Gained mutation: You are partially covered in rugged brown scales. (AC +1, +3% HP) [demonic ancestry]
   625 | D:1      | Reached XP level 2. HP: 16/22 MP: 2/2
   752 | D:1      | Reached skill level 3 in Short Blades
  1109 | D:2      | Found a hide-covered altar of Uskayaw.
  1119 | D:2      | Found an ancient bone altar of Kikubaaqudgha.
  1128 | D:2      | Reached XP level 3. HP: 25/27 MP: 3/3
  1191 | D:2      | Became a worshipper of Kikubaaqudgha
  1736 | D:2      | Found a burning altar of Makhleb.
  1981 | D:3      | Reached skill level 1 in Armour
  2103 | D:3      | Gained mutation: You sometimes gain a little power by taking damage. [demonic ancestry]
  2103 | D:3      | Reached XP level 4. HP: 30/33 MP: 4/4
  2182 | D:3      | Noticed Jessica
  2187 | D:3      | Killed Jessica
  2212 | D:3      | Reached skill level 4 in Short Blades
  2347 | D:3      | Reached * piety under Kikubaaqudgha
  2347 | D:3      | Identified Kikubaaqudgha's Handbook of Sinister Secrets (Kikubaaqudgha gifted it to you on level 3 of the Dungeon)
  2347 | D:3      | Received a gift from Kikubaaqudgha
  2661 | D:3      | Noticed Grinder
  2693 | D:2      | Paralysed by Grinder for 2 turns
  2697 | D:2      | Killed Grinder
  2697 | D:2      | Gained mutation: You have a pair of small horns on your head. [demonic ancestry]
  2697 | D:2      | Reached XP level 5. HP: 12/41 MP: 5/5
  2697 | D:2      | Reached XP level 6. HP: 14/47 MP: 6/6
  3383 | D:4      | Reached skill level 5 in Short Blades
  3532 | D:4      | Mangled by an ogre

Skill      XL: |  1  2  3  4  5  6 |
---------------+-------------------+-----
Dodging        | 3 |  3.9
Short Blades   | 3 4 5 |  5.0
Armour         | 1 2 |  2.2
Fighting       | |  2.8
Throwing       | |  1.8

Action                   |  1- 3 |  4- 6 || total
-------------------------+-------+-------++-------
Melee: Rapier            |    61 |       ||    61
       Short sword       |    58 |    87 ||   145
       Headbutt          |       |     5 ||     5
Throw: Tomahawk          |       |     5 ||     5
  Use: Scroll            |     2 |     4 ||     6
       Potion            |       |     3 ||     3
  Eat: Chunk             |     4 |     3 ||     7
       Fruit             |       |     2 ||     2
Armor: Leather armour    |     9 |       ||     9
       Ring mail         |    44 |    22 ||    66
Dodge: Dodged            |    75 |    56 ||   131
